 Dungeon Crawl Stone Soup version 0.30-a0-243-gaa749bd8e4 (webtiles) character file.

Game seed: 3706244214913679146

9 BritishOli the Trooper (level 2, 0/24 HPs)
             Began as a Demonspawn Fighter on Oct 12, 2022.
             Slain by a kobold
             ... wielding a +0 short sword
              (3 damage)
             ... on level 1 of the Dungeon.
             The game lasted 00:00:17 (219 turns).

BritishOli the Trooper (Demonspawn Fighter)          Turns: 219, Time: 00:00:18

Health: 0/24       AC:  6    Str: 16    XL:     2   Next: 6%
Magic:  2/2        EV:  8    Int:  9    God:
Gold:   25         SH:  4    Dex: 12    Spells: 1/1 levels left

rFire   . . .      SeeInvis .    a - +0 long sword
rCold   . . .      Faith    .    c - +0 buckler
rNeg    . . .      Spirit   .    b - +0 scale mail
rPois   .          Reflect  .    (no helmet)
rElec   .          Harm     .    (no cloak)
rCorr   .          Rampage  .    (no gloves)
Will    .....                    (no boots)
Stlth   ..........               (no amulet)
HPRegen 0.24/turn                (no ring)
MPRegen 0.16/turn                (no ring)

@: no status effects
A: magic regeneration
a: no special abilities


You were on level 1 of the Dungeon.
You visited 1 branch of the dungeon, and saw 1 of its levels.

You collected 25 gold pieces.

Inventory:

Hand Weapons
 a - a +0 long sword (weapon)
Armour
 b - a +0 scale mail (worn)
 c - a +0 buckler (worn)
Potions
 d - a potion of might
 e - a potion of mutation {unknown}


   Skills:
 + Level 3.1 Fighting
 + Level 2.0 Long Blades
 + Level 2.8 Armour
 + Level 2.8 Shields


You had one spell level left.
You didn't know any spells.
Your spell library was empty.

Dungeon Overview and Level Annotations

Branches:
Dungeon (1/15)

Altars:


Innate Abilities, Weirdness & Mutations

You regenerate magic rapidly.


Message History

The kobold hits you with a +0 short sword.
The kobold hits you but does no damage.
The dart slug bites you but does no damage.
The kobold hits you but does no damage. The dart slug bites you.
The kobold closely misses you.
The kobold hits you with a +0 short sword.
* * * LOW HITPOINT WARNING * * *
The dart slug barely misses you. The kobold misses you.
The dart slug launches a dart at you.
The slug dart hits you but does no damage.
The kobold hits you but does no damage. The dart slug launches a dart at you.
The slug dart misses you.
The kobold hits you with a +0 short sword.
* * * LOW HITPOINT WARNING * * *
The kobold closely misses you. You block the dart slug's attack.
The kobold hits you but does no damage. You block the dart slug's attack.
The kobold hits you but does no damage. The kobold barely misses you.
You block the dart slug's attack. The kobold barely misses you.
The dart slug launches a dart at you.
The slug dart hits you but does no damage.
The kobold hits you with a +0 short sword.
* * * LOW HITPOINT WARNING * * *
The kobold hits you but does no damage. The dart slug bites you.
* * * LOW HITPOINT WARNING * * *
You block the kobold's attack. The dart slug launches a dart at you.
You block the slug dart. The kobold barely misses you.
The dart slug bites you but does no damage.
The kobold hits you but does no damage. The kobold completely misses you.
The dart slug bites you but does no damage.
The kobold barely misses you. The dart slug launches a dart at you.
The slug dart hits you but does no damage.
The kobold hits you with a +0 short sword.
You die...

..# ... # #.#
.##.## .... #
#.####
#.#####....#
#gw@.......#
.....KK######..#
#####lb #..#
).)....
##..#######
..?.#..
#...†......
?.!.#..
#.#########
###.#.. #.#
....#.. #.# #.#


You could see a dart slug, a hobgoblin, a bat, 2 kobolds and a frilled lizard.

Vanquished Creatures
  A dart slug (D:1)
  A ball python (D:1)
  2 quokkas (D:1)
  A kobold (D:1)
  3 rats (D:1)
8 creatures vanquished.

Notes
Turn   | Place    | Note
-------+----------+-------------------------------------------
     0 | D:1      | BritishOli the Demonspawn Fighter began the quest for the
                  | Orb.
     0 | D:1      | Reached XP level 1. HP: 18/18 MP: 1/1
   184 | D:1      | Gained mutation: You regenerate magic rapidly. [demonic
                  | ancestry]
   184 | D:1      | Reached XP level 2. HP: 24/24 MP: 2/2
   213 | D:1      | HP: 1/24 [dart slug (2)]
   219 | D:1      | Slain by a kobold

Illustrated notes

Levels and vault maps discovered:
D:1:      nicolae_arrival_memento_mori, layout_loops_ring,
          chequers_serial_rivers_large_b, nrook_campfire,
          hangedman_decor_riveting, minmay_pentomino_o4

Skill      XL: |  1 |
---------------+----+-----
Long Blades    | 2 |  2.0
Fighting       | |  3.1
Armour         | |  2.8
Shields        | |  2.8

Action                   || total
-------------------------++-------
Melee: Long sword        ||    27
Armor: Scale mail        ||    26
Dodge: Dodged            ||    25
Block: Buckler           ||    12

Table legend: (Time is in decaauts)
 A = Elapsed time spent in this place.
 B = Non-inter-level travel time spent in this place.
 C = Inter-level travel time spent in this place.
 D = Time resting spent in this place.
 E = Time spent auto-exploring this place.
 F = Levels seen in this place.
 G = Mean time per level.
                   A        B        C        D        E       F      G
               +--------+--------+--------+--------+--------+-----+--------+
         Total |    228 |    228 |      0 |      0 |    138 |   1 |  228.0 |
       Dungeon |    228 |    228 |      0 |      0 |    138 |   1 |  228.0 |
               +--------+--------+--------+--------+--------+-----+--------+

Top non-repeatable levels by time:
     D:1: 228 daAuts
